 Dungeon Crawl Stone Soup version 0.25.1-9-gc5326a611f (webtiles) character file.

Game seed: 10038834277557759137

1575355 AlexTheUnready the Conqueror (level 27, 273/273 HPs)
             Began as a Minotaur Berserker on Nov 13, 2022.
             Was the Champion of Trog.
             Escaped with the Orb
             ... and 3 runes on Nov 15, 2022!
             The game lasted 03:04:49 (88205 turns).

AlexTheUnready the Conqueror (Minotaur Berserker)  Turns: 88205, Time: 03:04:50

Health: 273/273    AC: 48    Str: 42    XL:     27
Magic:  33/33      EV: 11    Int:  7    God:    Trog [******]
Gold:   7050       SH: 24    Dex: 26    Spells: 26/26 levels left

rFire    + . .     SeeInvis +   d - +9 broad axe of Royalism {vorpal, Dex+6}
rCold    + . .     Gourm    .   b - +2 shield of Resistance {rF+ rC+ MR+}
rNeg     . . .     Faith    .   z - +2 crystal plate armour of Filth {Regen+ Int+7 Dex-2 SInv}
rPois    +         Spirit   .   W - +2 hat
rElec    +         Reflect  +   u - +4 dragonskin cloak
rCorr    +         Harm     .   M - +2 pair of gloves
MR       ++++.                  U - +1 pair of boots
Stlth    ..........             V - amulet "Bunlitwe" {Reflect rPois Str+9 Int-2 SH+5}
HPRegen  0.95/turn              L - ring of Vodka {Dex+6 SInv}
MPRegen  0.23/turn              A - ring "Igupiojo" {rElec MR+ Dex+4}

@: no status effects
A: retaliatory headbutt, horns 2, dopey 1
0: Orb of Zot
}: 3/15 runes: barnacled, silver, gossamer
a: Berserk, Trog's Hand, Brothers in Arms, Renounce Religion


You escaped.
You worshipped Trog.
Trog was exalted by your worship.
You were full.

You visited 10 branches of the dungeon, and saw 52 of its levels.
You also visited: Trove.

You collected 9572 gold pieces.
You spent 2522 gold pieces at shops.

Inventory:

Hand Weapons
 d - the +9 broad axe of Royalism (weapon) {vorpal, Dex+6}
   (Trog gifted it to you on level 5 of the Vaults)

   It inflicts extra damage upon your enemies.
   It affects your dexterity (+6).
 i - a +9 broad axe of flaming
 T - the +8 storm bow {elec, penet}
   (You found it on level 3 of the Elven Halls)

   It charges the ammunition it shoots with electricity; occasionally upon a
   hit, such missiles may discharge and cause terrible harm.
   Ammo fired by it will pass through the targets it hits, potentially hitting
   all targets in its path until it reaches maximum range.
Missiles
 k - 73 javelins
 q - 71 silver javelins (quivered)
 y - 11 silver boomerangs
 H - 68 boomerangs
 Y - 10 throwing nets
Armour
 b - the +2 shield of Resistance (worn) {rF+ rC+ MR+}
   (You took it off a merfolk impaler on level 1 of the Shoals)

   It protects you from fire.
   It protects you from cold.
   It affects your resistance to hostile enchantments.
 u - the +4 dragonskin cloak (worn)
   (You took it off Tiamat on level 1 of the Realm of Zot)
 z - the +2 crystal plate armour of Filth (worn) {Regen+ Int+7 Dex-2 SInv}
   (You acquired it on level 2 of the Spider Nest)

   It affects your intelligence (+7).
   It affects your dexterity (-2).
   It lets you see invisible.
   It increases your rate of regeneration.
 M - a +2 pair of gloves (worn)
 S - the +0 pair of boots of Beyond {-Tele rPois rN+ Regen+}
   (You found it on level 2 of the Shoals)

   It protects you from poison.
   It protects you from negative energy.
   It prevents most forms of teleportation.
   It increases your rate of regeneration.
 U - a +1 pair of boots (worn)
 W - a +2 hat (worn)
 Z - the +3 kite shield "Fyxkor" {MR+}
   (You took it off Donald on level 2 of the Shoals)

   It affects your resistance to hostile enchantments.
Jewellery
 f - the amulet "Evval" {Reflect +Blink rN+ SH+5}
   (You found it in a treasure trove)

   [amulet of reflection]

   It shields you and reflects attacks.
   It protects you from negative energy.
   It lets you blink.
   It affects your SH (+5).
 h - the cursed necklace of Bloodlust {*Rage +Rage MR++ Int-3 Slay+6 *Curse}
   (You took it off a deep elf high priest on level 3 of the Elven Halls)

   [amulet of nothing]

   It affects your intelligence (-3).
   It affects your accuracy and damage with ranged weapons and melee attacks
   (+6).
   It affects your resistance to hostile enchantments.
   It lets you go berserk.
   It may make you go berserk in combat.
   It curses itself when equipped.
   It has a curse placed upon it.
 v - the ring "Woegropp" {+Fly rElec rPois MR+}
   (You found it in a treasure trove)

   [ring of flight]

   It insulates you from electricity.
   It protects you from poison.
   It affects your resistance to hostile enchantments.
   It lets you fly.
 A - the ring "Igupiojo" (right hand) {rElec MR+ Dex+4}
   (You found it in a treasure trove)

   [ring of dexterity]

   It affects your dexterity (+4).
   It insulates you from electricity.
   It affects your resistance to hostile enchantments.
 D - the ring "Xounyufa" {MR+ EV+4 Int+4}
   (You took it off a deep elf demonologist on level 3 of the Elven Halls)

   [ring of evasion]

   It affects your evasion (+4).
   It affects your intelligence (+4).
   It affects your resistance to hostile enchantments.
 I - the ring of Bablen {rPois rCorr}
   (You acquired it on level 1 of the Lair of Beasts)

   [ring of resist corrosion]

   It protects you from poison.
   It provides partial protection from all sources of acid and corrosion.
 J - the ring of Curiosity {rPois rC++ Int+5 Dex-2}
   (You found it in a treasure trove)

   [ring of poison resistance]

   It affects your intelligence (+5).
   It affects your dexterity (-2).
   It greatly protects you from cold.
   It protects you from poison.
 L - the ring of Vodka (left hand) {Dex+6 SInv}
   (You found it in a treasure trove)

   [ring of dexterity]

   It affects your dexterity (+6).
   It lets you see invisible.
 P - the ring of the Omega Point {rPois rN+ MP+9 Str+4}
   (You found it in a treasure trove)

   [ring of magical power]

   It affects your strength (+4).
   It protects you from poison.
   It protects you from negative energy.
   It affects your magic capacity (+9).
 V - the amulet "Bunlitwe" (around neck) {Reflect rPois Str+9 Int-2 SH+5}
   (You took it off a deep elf elementalist on level 3 of the Elven Halls)

   [amulet of reflection]

   It shields you and reflects attacks.
   It affects your strength (+9).
   It affects your intelligence (-2).
   It protects you from poison.
   It affects your SH (+5).
Wands
 x - a wand of clouds (26)
 G - a wand of acid (14)
 Q - a wand of digging (18)
Scrolls
 j - 20 scrolls of teleportation
 l - 14 scrolls of identify
 n - 3 scrolls of fear
 t - 24 scrolls of remove curse
 w - a scroll of magic mapping
 B - 5 scrolls of holy word
 C - 6 scrolls of fog
 F - 2 scrolls of summoning
 K - a scroll of silence
 N - 6 scrolls of blinking
 R - 11 scrolls of enchant armour
Potions
 a - 3 potions of flight
 e - 8 potions of cancellation
 g - 27 potions of curing
 m - 9 potions of might
 o - 6 potions of resistance
 p - 3 potions of invisibility
 r - 16 potions of heal wounds
 E - 2 potions of haste
Miscellaneous
 O - 3 phantom mirrors
 X - 8 boxes of beasts
Comestibles
 c - 65 rations


   Skills:
 O Level 27 Fighting
 - Level 18.0 Axes
 O Level 27 Throwing
 O Level 27 Armour
 - Level 2.1 Dodging
 - Level 15.0 Shields
 + Level 15.7 Evocations


You had 26 spell levels left.
You didn't know any spells.
Your spell library was empty.

Dungeon Overview and Level Annotations

Branches:
Dungeon (15/15)            Temple (0/1) D:4            Lair (6/6) D:9
 Shoals (4/4) Lair:3       Spider (4/4) Lair:4        Slime (0/5) Lair:6
    Orc (2/2) D:12            Elf (3/3) Orc:2        Vaults (5/5) D:13
  Crypt (3/3) Vaults:3       Tomb (0/3) Crypt:3      Depths (5/5) D:15
    Zot (5/5) Depths:5

Altars:
Cheibriados
Dithmenos
Trog
Wu Jian
Xom
Yredelemnul
Beogh

Shops:
D:7 [   D:10 :   Orc:2 %?[(   Elf:3 *   Shoals:2 }   Shoals:3 !%!!   Shoals:4 *
Vaults:1 (   Depths:4 :

Portals:
Hell: Depths:1 Depths:2 Depths:3 Depths:4 Depths:5
Abyss: Depths:1 Depths:4
Pandemonium: Depths:2 Depths:3
Ziggurat: Depths:4

Annotations:
Vaults:4 3 runed translucent doors, Moagi's ghost, adept GnSk
Crypt:1 3 runed translucent doors, Xulocerch's ghost, veteran MiGl


Innate Abilities, Weirdness & Mutations

You reflexively headbutt those who attack you in melee.
You have a pair of horns on your head.
You are dopey. (Int -2)


Message History

You block the bat's attack.
You slash the bat!
You kill the bat!
Trog accepts your kill.
No target in view!
There is a stone staircase leading up here.
You climb upwards.
There is a stone staircase leading down here.
A glowing orange brain comes into view.
You slice the glowing orange brain!!
The glowing orange brain is severely wounded.
You slice the glowing orange brain!!
You kill the glowing orange brain!
Trog accepts your kill.
There is a stone staircase leading down here.
You see here a robe.
You open the door.
There is an open door here.
There is a staircase leading out of the dungeon here.
You have escaped!

#...#..##...#≈.≈#§≈≈####.#
#####.###...#≈.≈#≈≈.####.# ###.#
#...#≈.≈#≈..#....#
#...###...#...#...#.####
####.###(#...........#.#
#........#...........#.#
#....#####...........### ##.####
#...........# #..####
#.....@.....# ......#
#...........# ......#
############## ......# #.....#
######## ......##
#.....###########.......
.......###.................######
...............#############
##########.....# #.....#


There were no monsters in sight!

Vanquished Creatures
  Tiamat (Zot:1)
  4 orbs of fire (Zot:5)
  6 ancient liches
  The ghost of Thomus the Hill Orc Barricade, a legendary HOFi of Okawaru (Zot:5)
  A juggernaut (Depths:3)
  Sojobo (Depths:5)
  3 Killer Klowns (Zot:5)
  Boris (Crypt:3)
  Bai Suzhen (Shoals:4)
  Margery (Depths:5)
  2 caustic shrikes (Depths:3)
  3 curse toes
  Nikola (Elf:2)
  the Enchantress (Depths:4)
  5 golden dragons
  Arachne (Spider:2)
  Jory (Vaults:4)
  The ghost of Kehicw the Executioner, an adept HOAs of Okawaru (Shoals:1)
  5 bone dragons
  The ghost of Thomus the Executioner, an adept HOFi of Okawaru (Spider:2)
  A Tzitzimitl (Depths:1)
  Jorgrun (Elf:1)
  4 electric golems
  22 Orb Guardians
  15 tentacled monstrosities
  2 titans
  7 quicksilver dragons
  2 deep elf master archers (Elf:3)
  2 deep elf blademasters
  6 liches
  7 death cobs
  12 tengu reavers
  8 sphinxes
  Polyphemus (Shoals:2)
  The ghost of AlexTheUnready the Wrestler, an adept TrCK of Xom (Shoals:3)
  8 shadow dragons
  5 ancient champions
  6 draconian monks
  12 storm dragons
  Roxanne (Elf:1)
  Donald (Shoals:2)
  10 fire giants
  The ghost of AlexTheUnready the Nimble, an adept GnWn of Qazlal (Shoals:3)
  3 iron dragons
  10 frost giants
  A ghost moth (shapeshifter) (Vaults:4)
  18 vault wardens
  10 deep elf sorcerers
  5 emperor scorpions
  A balrug (Zot:5)
  9 ghost moths
  3 curse skulls
  Louise (Elf:1)
  7 draconian knights
  7 draconian scorchers
  An orc warlord (Vaults:3)
  5 deep elf elementalists (Elf:3)
  5 draconian shifters
  2 ghouls (Crypt:2)
  7 draconian annihilators
  A reaper (D:11)
  A caustic shrike skeleton (Crypt:1)
  6 draconian stormcallers
  18 very ugly things
  15 ironheart preservers
  20 stone giants
  3 entropy weavers
  13 green draconians
  3 spriggan defenders (Depths:4)
  4 war gargoyles
  6 vampire knights
  8 deep elf annihilators
  16 purple draconians
  12 deep elf demonologists
  12 black draconians
  16 yellow draconians
  Azrael (Spider:1)
  12 white draconians
  12 red draconians
  9 spark wasps
  7 deep elf death magi
  7 merfolk javelineers
  14 ettins
  14 merfolk impalers
  A blizzard demon (D:5)
  An ettin (shapeshifter) (Vaults:5)
  12 fire dragons
  3 jiangshi
  12 deep elf high priests
  4 eidola
  13 yaktaur captains
  36 vault guards
  5 great orbs of eyes
  An ice dragon (shapeshifter) (Vaults:5)
  2 rakshasas
  3 spriggan air magi
  Erica (D:11)
  11 centaur warriors
  3 catoblepae
  3 hydras
  2 quicksilver dragon skeletons
  12 ice dragons
  2 merfolk aquamancers
  3 death knights
  4 merfolk avatars
  10 ogre magi
  30 two-headed ogres
  13 deep troll shamans
  3 alligator snapping turtles
  A queen ant (shapeshifter) (Depths:2)
  6 satyrs
  27 dancing weapons
  7 death yaks
  The ghost of AlexTheUnready the Fighter, a novice GnWn of Zin (Lair:1)
  A tengu warrior (Depths:2)
  10 vampire magi
  8 deep troll earth magi
  A queen ant (Lair:2)
  3 spriggan berserkers
  2 small abominations (Elf:3)
  2 orc high priests
  25 hell knights
  17 deep elf knights
  A titan skeleton (Crypt:2)
  A soul eater (Crypt:1)
  The ghost of Naozyurph the Unseen, a journeyman FeWn of Uskayaw (Lair:3)
  A sun demon (Zot:5)
  A large abomination (Elf:3)
  5 shadow wraiths
  An iron troll (Depths:5)
  12 sea snakes
  A spark wasp zombie (Depths:3)
  43 skeletal warriors
  8 glowing orange brains
  5 unseen horrors
  29 deep trolls
  A golden dragon zombie (Crypt:3)
  A fire crab (Lair:5)
  A shadow demon (Depths:2)
  7 flayed ghosts
  A deep troll (shapeshifter) (Vaults:4)
  A gelid demonspawn (Depths:2)
  A glowing orange brain (shapeshifter) (Depths:5)
  8 wizards
  13 deep elf archers
  14 phantasmal warriors
  16 ironbrand convokers
  11 necromancers
  A wolf spider zombie (D:15)
  A lindwurm (shapeshifter) (D:13)
  A lindwurm (Lair:3)
  22 orc knights
  11 harpies
  3 mana vipers (shapeshifter)
  16 orb spiders
  A salamander (shapeshifter) (Vaults:1)
  2 oklob plants
  48 wolf spiders
  47 ugly things
  2 orc sorcerers
  15 fauns
  71 deep elf magi
  18 manticores
  An iron dragon skeleton (Crypt:1)
  A rust devil (Depths:2)
  8 cyclopes
  4 frost giant skeletons
  2 centaur zombies
  26 moths of wrath
  A black mamba (shapeshifter) (Depths:3)
  7 water nymphs
  12 merfolk sirens
  A black mamba (Lair:2)
  4 smoke demons
  Psyche (D:8)
  20 vault sentinels
  3 torpor snails
  7 gargoyles
  9 spiny frogs
  A black draconian zombie (Crypt:1)
  A hellion (Zot:3)
  A guardian serpent (shapeshifter) (Vaults:2)
  A rime drake (shapeshifter) (Vaults:5)
  2 centaur skeletons
  5 freezing wraiths
  An efreet (D:15)
  A komodo dragon (shapeshifter) (Depths:2)
  36 yaktaurs
  A tengu conjurer (D:15)
  A rime drake (Lair:1)
  An ice devil (Depths:2)
  7 demonic crawlers
  5 red devils
  11 komodo dragons
  A redback zombie (D:13)
  2 guardian mummies (Crypt:3)
  35 jumping spiders
  2 merfolk (shapeshifter)
  37 merfolk
  A meliai (shapeshifter) (Depths:1)
  9 wind drakes
  6 polar bears
  A harpy zombie (D:15)
  11 trolls
  6 hornets
  A wind drake (shapeshifter) (Depths:3)
  A hornet (shapeshifter) (Vaults:3)
  16 blink frogs
  7 snapping turtles
  55 slime creatures
  15 hippogriffs
  2 hippogriffs (shapeshifter)
  An alligator zombie (Crypt:3)
  An ice dragon skeleton (Crypt:3)
  3 air elementals
  74 redbacks
  2 spriggans (shapeshifter)
  2 redbacks (shapeshifter)
  14 wraiths
  10 shadows
  12 water elementals
  12 spriggans
  An ushabti (Crypt:3)
  36 tarantellas
  2 wyverns
  An ettin skeleton (Crypt:3)
  42 yaks
  5 fire elementals
  A human (D:13)
  4 basilisks
  6 hungry ghosts
  A hog (shapeshifter) (Depths:3)
  Grum (D:11)
  A human simulacrum (Vaults:1)
  A steam dragon (D:11)
  4 wargs
  A yaktaur simulacrum (Vaults:4)
  20 soldier ants (Lair:2)
  2 acid dragons
  A two-headed ogre zombie (Crypt:2)
  2 hell hounds (Spider:1)
  A spiny frog zombie (Crypt:2)
  A warg (shapeshifter) (Vaults:1)
  14 water moccasins
  A floating eye (Depths:3)
  8 porcupines
  3 black bears
  An eye of draining (D:9)
  A manticore zombie (Crypt:3)
  2 sky beasts
  2 phantoms
  3 necrophages
  42 orc warriors
  5 ice beasts
  14 boggarts
  36 ogres
  23 centaurs
  10 wolves
  A blink frog skeleton (Crypt:1)
  9 crocodiles
  A lindwurm skeleton (Crypt:2)
  18 bullfrogs
  3 big kobolds
  2 earth elementals
  2 scorpions
  A troll zombie (Crypt:3)
  19 wights
  11 killer bees
  A troll skeleton (Crypt:3)
  3 electric eels
  10 howler monkeys
  A raiju skeleton (Crypt:1)
  11 crimson imps
  2 bullfrog zombies
  A hound (shapeshifter) (Vaults:5)
  9 hounds
  5 jellies
  2 bullfrog skeletons
  21 orc priests
  An iron imp (Depths:1)
  26 orc wizards
  3 iguanas
  27 worker ants
  A killer bee zombie (Crypt:1)
  A dwarf skeleton (Crypt:1)
  A tengu skeleton (Crypt:1)
  A hound zombie (D:5)
  2 hound skeletons
  10 mummies (Crypt:3)
  A worker ant zombie (Crypt:1)
  7 gnolls (Orc:2)
  A howler monkey skeleton (D:4)
  A scorpion zombie (Crypt:2)
  12 adders
  4 shadow imps
  2 ufetubi (Vaults:4)
  2 adder skeletons
  A worm (D:2)
  A barachi skeleton (Crypt:2)
  2 dart slugs
  3 leopard geckos
  102 orcs
  4 giant cockroaches
  2 gnoll zombies (D:4)
  4 hobgoblins
  8 jackals
  14 kobolds
  3 quokkas
  9 bats
  3 frilled lizards
  A giant cockroach zombie (Crypt:2)
  5 goblins
  A jackal zombie (D:7)
  8 rats
  11 crawling corpses (Elf:3)
  A fungus (Lair:4)
  10 plants
  8 withered plants (Crypt:3)
2502 creatures vanquished.

Vanquished Creatures (collateral kills)
  Rupert (Orc:2)
  A ghost moth (Spider:4)
  A draconian scorcher (Depths:5)
  A merfolk javelineer (Shoals:1)
  Josephine (D:10)
  A hydra (Lair:6)
  An alligator snapping turtle (Shoals:4)
  A catoblepas (Lair:6)
  A death yak (Lair:6)
  An iron troll (Depths:5)
  An orc knight (Orc:2)
  3 manticores
  A slime creature (D:13)
  A moth of wrath (Spider:4)
  A spiny frog (Lair:3)
  3 blink frogs (Lair:6)
  4 hornets (Spider:4)
  A wraith (D:10)
  A tarantella (Spider:1)
  A wyvern (Lair:6)
  2 yaks (Lair:6)
  A warg (Orc:2)
  A water moccasin (Lair:6)
  2 orc warriors (Orc:2)
  An ogre (Orc:2)
  An orc wizard (Orc:2)
35 creatures vanquished.

Vanquished Creatures (others)
  A draconian knight (Zot:4)
  A ghost moth (Zot:2)
  A deep elf annihilator (Elf:3)
  2 deep elf magi (Elf:1)
  A wolf spider (Spider:1)
  A wizard (D:11)
  A water nymph (Shoals:1)
  2 jumping spiders
  A shadow (D:14)
  A steam dragon (D:13)
  A hell hound (Spider:2)
  A quasit (D:11)
  An orc (Vaults:1)
  A fungus (Lair:2)
  18 plants
  15 withered plants
49 creatures vanquished.

Grand Total: 2586 creatures vanquished

Notes
Turn   | Place    | Note
-------+----------+-------------------------------------------
     0 | D:1      | AlexTheUnready the Minotaur Berserker began the quest for
                  | the Orb.
     0 | D:1      | Reached XP level 1. HP: 19/19 MP: 0/0
   259 | D:1      | You fall into a shaft and drop 1 floor!
   280 | D:1      | Reached XP level 2. HP: 16/27 MP: 1/1
   871 | D:2      | Reached XP level 3. HP: 26/33 MP: 2/2
  1253 | D:2      | You fall into a shaft and drop 1 floor!
  1357 | D:3      | Found a shadowy altar of Dithmenos.
  1369 | D:3      | Reached skill level 5 in Axes
  1377 | D:3      | Reached XP level 4. HP: 22/40 MP: 3/3
  1586 | D:3      | Reached ** piety under Trog
  2810 | D:2      | You fall into a shaft and drop 1 floor!
  3369 | D:4      | Found a staircase to the Ecumenical Temple.
  3419 | D:4      | Reached XP level 5. HP: 45/47 MP: 4/4
  3583 | D:4      | Noticed an ogre
  3589 | D:4      | Killed an ogre
  3589 | D:4      | Reached skill level 5 in Fighting
  3881 | D:4      | Noticed a centaur
  3883 | D:4      | Reached XP level 6. HP: 56/56 MP: 5/5
  4505 | D:4      | Found a basalt altar of Yredelemnul.
  4687 | D:5      | Entered Level 5 of the Dungeon
  4794 | D:5      | Noticed a water moccasin
  4803 | D:5      | Killed a water moccasin
  4803 | D:5      | Reached XP level 7. HP: 59/61 MP: 6/6
  5179 | D:5      | Reached skill level 1 in Throwing
  5705 | D:6      | Reached *** piety under Trog
  5735 | D:6      | Reached XP level 8. HP: 70/70 MP: 7/7
  5736 | D:6      | Found an ornate altar of the Wu Jian Council.
  5806 | D:6      | Reached skill level 10 in Axes
  6703 | D:7      | Reached skill level 5 in Armour
  7179 | D:7      | Reached XP level 9. HP: 64/78 MP: 8/8
  7409 | D:7      | Found Waxes's Antique Armour Shoppe.
  7631 | D:8      | Noticed Psyche
  7646 | D:8      | Killed Psyche
  8140 | D:8      | Found a snail-covered altar of Cheibriados.
  8485 | D:9      | Noticed a troll
  8494 | D:9      | Killed a troll
  9214 | D:9      | Found a staircase to the Lair.
  9307 | D:9      | Reached **** piety under Trog
  9536 | D:9      | Reached XP level 10. HP: 88/88 MP: 0/9
 10196 | D:10     | Entered Level 10 of the Dungeon
 10196 | D:10     | Noticed a two-headed ogre
 10196 | D:10     | Noticed a two-headed ogre
 10354 | D:10     | Found Dusuhura's Book Emporium.
 10419 | D:10     | Killed a two-headed ogre
 10631 | D:10     | Killed an unseen horror
 10929 | D:10     | Killed a two-headed ogre
 11446 | D:10     | Reached skill level 15 in Axes
 11446 | D:10     | Reached XP level 11. HP: 78/97 MP: 10/10
 11448 | D:10     | Noticed Josephine
 11636 | D:10     | Killed Josephine
 11642 | D:10     | Reached skill level 10 in Armour
 12055 | Lair:1   | Entered Level 1 of the Lair of Beasts
 12417 | Lair:1   | Reached skill level 10 in Fighting
 12907 | Lair:1   | Found a runed translucent door.
 12907 | Lair:1   | Found a shimmering altar of Xom.
 12907 | Lair:1   | Noticed AlexTheUnready's ghost (novice GnWn)
 12908 | Lair:1   | Noticed a +0 broad axe of chaos
 13131 | Lair:1   | Noticed an oklob plant
 14851 | Lair:2   | Reached XP level 12. HP: 82/108 MP: 11/11
 15170 | Lair:2   | Reached ***** piety under Trog
 15174 | Lair:2   | Noticed a queen ant
 15212 | Lair:2   | Killed a queen ant
 16378 | Lair:3   | Found a staircase to the Shoals.
 16401 | Lair:3   | Noticed a five-headed hydra
 16408 | Lair:3   | Killed a five-headed hydra
 16594 | Lair:3   | Identified the +6 demon trident "Lesmea" {vamp, *Noise
                  | rElec MR+ Str+3 Stlth+}
 16594 | Lair:3   | Noticed Naozyurph's ghost (journeyman FeWn)
 16602 | Lair:3   | Found a transporter.
 16624 | Lair:3   | Found a bloodstained altar of Trog.
 16630 | Lair:3   | Found a transporter.
 16742 | Lair:3   | HP: 5/110 [spiny frog (6)]
 16743 | Lair:3   | Reached skill level 5 in Throwing
 18668 | Lair:4   | Found a hole to the Spider Nest.
 19385 | Lair:5   | Reached XP level 13. HP: 93/118 MP: 12/12
 20769 | Lair:6   | Entered Level 6 of the Lair of Beasts
 21418 | Lair:6   | Reached skill level 1 in Shields
 22104 | Lair:6   | Found a staircase to the Slime Pits.
 22858 | Lair:6   | HP: 6/122 [manticore (10)]
 23444 | Lair:6   | Reached skill level 15 in Armour
 24491 | D:11     | Reached XP level 14. HP: 104/130 MP: 13/13
 24785 | D:11     | Noticed Erica
 25188 | D:11     | Killed Erica
 25328 | D:11     | Found a bloodstained altar of Trog.
 25683 | D:11     | Noticed Grum
 25700 | D:11     | Killed Grum
 25999 | D:11     | Found a portal to a secret trove of treasure.
 26553 | D:12     | Found a staircase to the Orcish Mines.
 27439 | Orc:1    | Entered Level 1 of the Orcish Mines
 27670 | Orc:2    | Entered Level 2 of the Orcish Mines
 28234 | Orc:1    | Received a gift from Trog
 29159 | Orc:1    | Reached skill level 15 in Fighting
 29925 | Orc:2    | Found Ydog's Food Shop.
 29930 | Orc:2    | Found a staircase to the Elven Halls.
 30046 | Orc:2    | Found Gotairar's Armour Boutique.
 30047 | Orc:2    | Found Cyoqu's Antique Weapon Shoppe.
 30237 | Orc:2    | Found Vufuh's Magic Scroll Boutique.
 30249 | Orc:2    | Bought a scroll of identify for 28 gold pieces
 30249 | Orc:2    | Bought a scroll of magic mapping for 49 gold pieces
 30249 | Orc:2    | Bought a scroll of enchant armour for 105 gold pieces
 30249 | Orc:2    | Bought a scroll of identify for 28 gold pieces
 30249 | Orc:2    | Bought a scroll of identify for 28 gold pieces
 30249 | Orc:2    | Bought a scroll of holy word for 105 gold pieces
 30249 | Orc:2    | Bought a scroll of identify for 28 gold pieces
 30249 | Orc:2    | Bought a scroll of identify for 28 gold pieces
 30249 | Orc:2    | Bought a scroll of enchant weapon for 105 gold pieces
 30249 | Orc:2    | Bought a scroll of identify for 28 gold pieces
 30249 | Orc:2    | Bought a scroll of enchant armour for 105 gold pieces
 30249 | Orc:2    | Bought 2 scrolls of fog for 56 gold pieces
 30264 | Orc:2    | Noticed Rupert
 30354 | Orc:2    | Killed Rupert
 30437 | Orc:2    | Found a roughly hewn altar of Beogh.
 31123 | Shoals:1 | Entered Level 1 of the Shoals
 31473 | Shoals:1 | Received a gift from Trog
 31740 | Shoals:1 | Reached XP level 15. HP: 104/144 MP: 14/14
 31746 | Shoals:1 | Identified the +0 robe of Valour {MP-9 Dex+2 Slay+4 SInv}
 31746 | Shoals:1 | HP: 1/144 [harpy (7)]
 33195 | Shoals:1 | Noticed Kehicw's ghost (adept HOAs)
 33198 | Shoals:1 | Found a runed translucent gate.
 33199 | Shoals:1 | Found a runed translucent gate.
 33199 | Shoals:1 | Found a runed translucent gate.
 34722 | Shoals:2 | Found Dutym's Gadget Boutique.
 35171 | Shoals:2 | Got a pair of crude boots
 35177 | Shoals:2 | Identified the +0 pair of boots of Beyond {-Tele rPois rN+
                  | Regen+} (You found it on level 2 of the Shoals)
 35527 | Shoals:3 | Noticed Polyphemus
 35921 | Shoals:2 | Killed Polyphemus
 35986 | Shoals:3 | Identified the +3 kite shield "Fyxkor" {MR+}
 35986 | Shoals:3 | Noticed Donald
 36325 | Shoals:2 | Killed Donald
 36840 | Shoals:3 | Found a runed translucent gate.
 36840 | Shoals:3 | Found a runed translucent gate.
 36840 | Shoals:3 | Found a runed translucent gate.
 36846 | Shoals:3 | Received a gift from Trog
 36993 | Lair:1   | Identified a scroll of acquirement
 37022 | Lair:1   | Acquired the ring of Bablen {rPois rCorr}
 37146 | Shoals:3 | Found Mupnif's Distillery.
 37158 | Shoals:3 | Bought a potion of flight for 60 gold pieces
 37158 | Shoals:3 | Bought a potion of heal wounds for 100 gold pieces
 37158 | Shoals:3 | Bought a potion of heal wounds for 100 gold pieces
 37158 | Shoals:3 | Bought a potion of heal wounds for 100 gold pieces
 37679 | Shoals:3 | Noticed AlexTheUnready's ghost (adept TrCK)
 37679 | Shoals:3 | Noticed AlexTheUnready's ghost (adept GnWn)
 38164 | Shoals:3 | Reached skill level 5 in Shields
 38414 | Shoals:3 | Found Genedd's Distillery.
 38420 | Shoals:3 | Found Suohaqu's Distillery.
 38422 | Shoals:3 | Bought a potion of cancellation for 144 gold pieces
 38422 | Shoals:3 | Bought a potion of cancellation for 144 gold pieces
 38422 | Shoals:3 | Bought a potion of heal wounds for 90 gold pieces
 38422 | Shoals:3 | Bought a potion of cancellation for 144 gold pieces
 38422 | Shoals:3 | Bought a potion of heal wounds for 90 gold pieces
 38426 | Shoals:3 | Bought a potion of might for 72 gold pieces
 38426 | Shoals:3 | Bought a potion of heal wounds for 90 gold pieces
 38426 | Shoals:3 | Bought a potion of resistance for 180 gold pieces
 38426 | Shoals:3 | Bought a potion of heal wounds for 90 gold pieces
 38752 | Shoals:3 | Found Gaucraz's Food Shoppe.
 39450 | Spider:1 | Entered Level 1 of the Spider Nest
 40250 | Spider:1 | Killed a ghost moth
 40250 | Spider:1 | Reached XP level 16. HP: 109/156 MP: 0/15
 41397 | Spider:2 | Received a gift from Trog
 41419 | Spider:2 | Found a runed translucent door.
 42076 | Spider:2 | Noticed Azrael
 42659 | Spider:1 | Killed Azrael
 43007 | Spider:2 | Reached skill level 1 in Evocations
 43118 | Spider:2 | Acquired the +2 crystal plate armour of Filth {Regen+ Int+7
                  | Dex-2 SInv}
 43213 | Spider:2 | Noticed Thomus's ghost (adept HOFi)
 43342 | Spider:2 | Noticed Arachne
 43364 | Spider:2 | Killed Arachne
 43866 | Spider:3 | Reached skill level 10 in Shields
 44539 | D:13     | Reached ****** piety under Trog
 44854 | D:13     | Found a gate to the Vaults.
 44863 | D:13     | Reached XP level 17. HP: 157/166 MP: 14/16
 45128 | D:13     | Received a gift from Trog
 45507 | D:13     | Found a runed translucent door.
 46308 | D:15     | Entered Level 15 of the Dungeon
 46463 | D:15     | Found a staircase to the Depths.
 46899 | D:15     | Got a brightly glowing bone ring
 47205 | D:15     | Identified the ring "Bolanasa" {rF+ rN+ MR++ Str-3} (You
                  | found it on level 15 of the Dungeon)
 47438 | Spider:4 | Entered Level 4 of the Spider Nest
 47448 | Spider:4 | Received a gift from Trog
 48412 | Spider:4 | Received a gift from Trog
 48582 | Spider:4 | Got a gossamer rune of Zot
 48831 | Shoals:4 | Entered Level 4 of the Shoals
 48862 | Shoals:4 | Reached XP level 18. HP: 152/178 MP: 15/17
 49697 | Shoals:4 | Noticed Bai Suzhen
 49730 | Shoals:4 | Killed Bai Suzhen
 49897 | Shoals:4 | Received a gift from Trog
 50067 | Shoals:4 | Identified the +3 mace of the Vine {elec, Int+3}
 50293 | Shoals:4 | Reached skill level 15 in Shields
 50450 | Shoals:4 | Reached skill level 10 in Throwing
 50498 | Shoals:4 | Got a barnacled rune of Zot
 50665 | Shoals:4 | Found Tuttedd's Assorted Antiques.
 50673 | Shoals:4 | Bought a scroll of blinking for 255 gold pieces
 50673 | Shoals:4 | Bought a potion of heal wounds for 170 gold pieces
 51041 | Vaults:1 | Entered Level 1 of the Vaults
 51339 | Vaults:1 | Found Ruicsid's Antique Weapon Shoppe.
 51466 | Vaults:1 | Received a gift from Trog
 51885 | Vaults:1 | Reached XP level 19. HP: 191/191 MP: 19/19
 52419 | Vaults:1 | Received a gift from Trog
 53405 | Vaults:2 | Received a gift from Trog
 54281 | Vaults:3 | Noticed a bone dragon
 54294 | Vaults:3 | Killed a bone dragon
 54324 | Vaults:3 | Found a staircase to the Crypt.
 54732 | Vaults:3 | Received a gift from Trog
 55246 | Vaults:3 | Reached XP level 20. HP: 198/206 MP: 20/20
 56209 | Vaults:4 | Received a gift from Trog
 56405 | Vaults:4 | Found a runed translucent gate.
 56405 | Vaults:4 | Found a runed translucent gate.
 56405 | Vaults:4 | Found a runed translucent gate.
 56406 | Vaults:4 | Noticed Moagi's ghost (adept GnSk)
 56496 | Vaults:4 | Noticed Jory
 56523 | Vaults:4 | Killed Jory
 57154 | Vaults:4 | Received a gift from Trog
 57720 | D:11     | You paid a toll of 5 scrolls of fear to enter a treasure
                  | trove
 57721 | Trove    | Entered a treasure trove
 57732 | Trove    | Got a pitted turquoise ring
 57734 | Trove    | Got a glittering lapis lazuli ring
 57736 | Trove    | Got a sparkling bone ring
 57742 | Trove    | Got a brightly glowing tin ring
 57746 | Trove    | Got a vibrating silver ring
 57748 | Trove    | Got a faintly glowing ivory ring
 57756 | Trove    | Got a wavering bone ring
 57766 | Trove    | Identified the ring of the Omega Point {rPois rN+ MP+9
                  | Str+4} (You found it in a treasure trove)
 57767 | Trove    | Identified the ring of Wiomn {+Inv rC- Slay+2 Stlth+} (You
                  | found it in a treasure trove)
 57768 | Trove    | Identified the ring "Igupiojo" {rElec MR+ Dex+4} (You found
                  | it in a treasure trove)
 57769 | Trove    | Identified the ring of Vodka {Dex+6 SInv} (You found it in
                  | a treasure trove)
 57770 | Trove    | Identified the ring "Woegropp" {+Fly rElec rPois MR+} (You
                  | found it in a treasure trove)
 57771 | Trove    | Identified the ring of the Several Lies {rPois rF- rC+
                  | Str+6 Dex+4} (You found it in a treasure trove)
 57783 | Trove    | Identified the ring of Curiosity {rPois rC++ Int+5 Dex-2}
                  | (You found it in a treasure trove)
 57801 | Trove    | Got a shimmering tin ring
 57802 | Trove    | Identified the ring of Ukherih {Str+4 Int+6} (You found it
                  | in a treasure trove)
 57810 | Trove    | Got a scintillating jade amulet
 57812 | Trove    | Identified the amulet "Evval" {Reflect +Blink rN+ SH+5}
                  | (You found it in a treasure trove)
 57983 | Lair:1   | Killed AlexTheUnready's ghost
 58117 | Lair:3   | Killed Naozyurph's ghost
 58489 | Shoals:1 | Killed Kehicw's ghost
 58609 | Shoals:3 | Killed AlexTheUnready's ghost
 58613 | Shoals:3 | Killed AlexTheUnready's ghost
 58892 | Spider:2 | Killed Thomus's ghost
 59534 | Elf:1    | Entered Level 1 of the Elven Halls
 59574 | Elf:1    | Noticed Louise
 59585 | Elf:1    | Killed Louise
 59933 | Elf:1    | Received a gift from Trog
 60124 | Elf:1    | Identified Roxanne's Grimoire of the Rocks
 60124 | Elf:1    | Noticed Roxanne
 60151 | Elf:1    | Killed Roxanne
 60511 | Elf:1    | Noticed Jorgrun
 60517 | Elf:1    | Killed Jorgrun
 60638 | Elf:2    | Reached XP level 21. HP: 220/220 MP: 21/21
 60811 | Elf:2    | Found a runed translucent gate.
 60811 | Elf:2    | Found a runed translucent gate.
 60905 | Elf:2    | Found a runed translucent gate.
 61204 | Elf:2    | Received a gift from Trog
 61372 | Elf:2    | Noticed Nikola
 61382 | Elf:2    | Killed Nikola
 61821 | Vaults:2 | Got a spiked plate armour
 61822 | Vaults:2 | Identified the cursed +1 plate armour of the Loofah {MR-
                  | rCorr MP+9} (You found it on level 2 of the Vaults)
 61882 | Crypt:1  | Entered Level 1 of the Crypt
 61999 | Crypt:1  | Found a runed translucent gate.
 61999 | Crypt:1  | Found a runed translucent gate.
 61999 | Crypt:1  | Found a runed translucent gate.
 62000 | Crypt:1  | Noticed Xulocerch's ghost (veteran MiGl)
 62214 | Crypt:1  | Reached skill level 27 in Fighting
 62765 | Crypt:2  | Received a gift from Trog
 63990 | Depths:1 | Entered Level 1 of the Depths
 64270 | Depths:1 | Received a gift from Trog
 64327 | Depths:1 | Found a one-way gate to the infinite horrors of the Abyss.
 64402 | Depths:1 | Noticed an ancient lich
 64417 | Depths:1 | Killed an ancient lich
 64417 | Depths:1 | Reached XP level 22. HP: 125/233 MP: 22/22
 64641 | Depths:1 | Found the +6 Majin-Bo {vamp, Archmagi MP+6 Int+6}
 65008 | Depths:1 | Found a gateway to Hell.
 65789 | Depths:2 | Received a gift from Trog
 65906 | Depths:2 | Found a one-way gate leading to the halls of Pandemonium.
 66454 | Depths:3 | Noticed a caustic shrike
 66465 | Depths:3 | Killed a caustic shrike
 66660 | Depths:3 | Noticed a juggernaut
 66680 | Depths:3 | Received a gift from Trog
 66705 | Depths:3 | Killed a juggernaut
 66822 | Depths:3 | Got a brightly glowing sapphire amulet
 67099 | Depths:3 | Reached XP level 23. HP: 238/240 MP: 23/23
 67287 | Depths:3 | Noticed a caustic shrike
 67564 | Depths:3 | Killed a caustic shrike
 67582 | Depths:3 | Received a gift from Trog
 68006 | Depths:3 | Got a warped plate armour
 68054 | Depths:3 | Identified the cursed +1 plate armour of Gaschu {Regen+
                  | Stlth+} (You found it on level 3 of the Depths)
 68055 | Depths:3 | Identified the amulet of Wuasuani {RegenMP rF+ Int+4} (You
                  | found it on level 3 of the Depths)
 68327 | Depths:4 | Found a gateway to a ziggurat.
 68457 | Depths:4 | Reached skill level 27 in Armour
 68750 | Depths:4 | Found Jiotos Kuyp's One-of-a-Kind Books.
 68815 | Depths:4 | Received a gift from Trog
 69376 | Depths:5 | Entered Level 5 of the Depths
 69457 | Depths:5 | Noticed the Enchantress
 69471 | Depths:4 | Reached skill level 15 in Throwing
 69495 | Depths:4 | Killed the Enchantress
 69678 | Depths:5 | Noticed Margery
 69699 | Depths:5 | Killed Margery
 70118 | Depths:5 | Noticed Sojobo
 70155 | Depths:5 | Killed Sojobo
 70339 | Depths:5 | Reached XP level 24. HP: 226/249 MP: 24/24
 70607 | Depths:5 | Received a gift from Trog
 70785 | Depths:5 | Found a gate to the Realm of Zot.
 71520 | Depths:2 | Got a pair of crude boots
 71523 | Depths:2 | Got a sheer robe
 71524 | Depths:2 | Identified the +0 pair of boots "Evorud" {+Fly MR- Dex+2}
                  | (You found it on level 2 of the Depths)
 71525 | Depths:2 | Identified the +2 robe of Xawatsaj {rC+ rN+ SInv} (You
                  | found it on level 2 of the Depths)
 71902 | Elf:3    | Entered Level 3 of the Elven Halls
 72143 | Elf:3    | Received a gift from Trog
 72247 | Elf:3    | Found Haucin's General Store.
 72864 | Elf:3    | Identified the Grimoire of Hurtful Orientation
 72931 | Elf:3    | Received a gift from Trog
 72935 | Elf:3    | Identified the ring "Xounyufa" {MR+ EV+4 Int+4}
 73397 | Elf:3    | Got a translucent golden ring
 73424 | Elf:3    | Identified the amulet "Bunlitwe" {Reflect rPois Str+9 Int-2
                  | SH+5}
 73480 | Elf:3    | Found the +8 storm bow {elec, penet}
 73505 | Elf:3    | Identified the ring of Tender Moments {rF+ Dex+4} (You
                  | found it on level 3 of the Elven Halls)
 74259 | Vaults:5 | Entered Level 5 of the Vaults
 74307 | Vaults:4 | Reached XP level 25. HP: 245/257 MP: 25/25
 74345 | Vaults:5 | Received a gift from Trog
 74562 | Vaults:5 | Got a bloodstained broad axe {god gift}
 74563 | Vaults:5 | Identified the +9 broad axe of Royalism {vorpal, Dex+6}
                  | (Trog gifted it to you on level 5 of the Vaults)
 74582 | Vaults:5 | Noticed an ancient lich
 74589 | Vaults:5 | Killed an ancient lich
 74893 | Vaults:5 | Identified the +11 trident of the Destroying Saviour
                  | {flame, *Drain rPois rN+ Str+4}
 75091 | Vaults:5 | Identified the ring of Jilaschy {Wiz MR+ Dex+4}
 75378 | Vaults:5 | Received a gift from Trog
 75499 | Vaults:5 | Got a pitted war axe {god gift}
 75500 | Vaults:5 | Identified the +9 war axe of the Inferno {flame, rF++ rC-
                  | Int+3} (Trog gifted it to you on level 5 of the Vaults)
 75517 | Vaults:5 | Got a silver rune of Zot
 75697 | Vaults:5 | Noticed an ancient lich
 75704 | Vaults:5 | Killed an ancient lich
 76818 | Crypt:3  | Entered Level 3 of the Crypt
 77074 | Crypt:3  | Noticed Boris
 77090 | Crypt:3  | Killed Boris
 77896 | Crypt:3  | Received a gift from Trog
 78017 | Crypt:3  | Reached XP level 26. HP: 265/266 MP: 25/25
 78285 | Crypt:3  | Found a staircase to the Tomb.
 78298 | Crypt:3  | Noticed an ancient lich
 78305 | Crypt:3  | Killed an ancient lich
 78308 | Crypt:3  | Found the +7 sceptre of Torment {pain, torment}
 78398 | Crypt:3  | Noticed an ancient lich
 78412 | Crypt:3  | Killed an ancient lich
 78986 | Zot:1    | Entered Level 1 of the Realm of Zot
 79726 | Zot:1    | Identified the +4 dragonskin cloak
 79726 | Zot:1    | Noticed Tiamat
 79982 | Zot:1    | Killed Tiamat
 80323 | Zot:1    | Received a gift from Trog
 82338 | Zot:3    | Reached XP level 27. HP: 240/273 MP: 25/25
 83219 | Zot:3    | Reached skill level 27 in Throwing
 83571 | Zot:3    | Reached skill level 5 in Evocations
 83874 | Zot:4    | Received a gift from Trog
 85068 | Zot:5    | Entered Level 5 of the Realm of Zot
 85232 | Zot:5    | Found a runed translucent door.
 85232 | Zot:5    | Noticed Thomus's ghost (legendary HOFi)
 85258 | Zot:5    | Killed Thomus's ghost
 85260 | Zot:5    | Reached skill level 10 in Evocations
 85427 | Zot:5    | Received a gift from Trog
 86658 | Zot:5    | Noticed an orb of fire
 86662 | Zot:5    | Noticed an orb of fire
 86674 | Zot:5    | Noticed an orb of fire
 86896 | Zot:5    | Killed an orb of fire
 86973 | Zot:5    | Killed an orb of fire
 86973 | Zot:5    | Noticed an orb of fire
 86978 | Zot:5    | Gained mutation: You are dopey. (Int -2) [an orb of fire]
 86983 | Zot:5    | Killed an orb of fire
 87042 | Zot:5    | Noticed an orb of fire
 87046 | Zot:5    | Killed an orb of fire
 87358 | Zot:5    | Noticed an ancient lich
 87373 | Zot:5    | Killed an ancient lich
 87492 | Zot:5    | Reached skill level 15 in Evocations
 87535 | Zot:5    | Got the Orb of Zot
 88205 | D:$      | Escaped with the Orb!

Illustrated notes

Levels and vault maps discovered:
D:1:      lightli_arrival_quake, layout_rooms, serial_corexii_hall,
          corexii_hall_statues_x, corexii_hall_statues_t
D:2:      layout_basic
D:3:      layout_loops_cross, first_ration, grunt_dithmenos_smoke_and_mirrors
D:4:      layout_basic, lemuel_zombie_altar_yredelemnul,
          minmay_temple_entry_glass
D:5:      layout_gridville
D:6:      layout_loops_corners, basic_altar
D:7:      layout_rooms, serial_shops, kennysheep_little_box
D:8:      layout_loops_cross, basic_altar, uniq_psyche
D:9:      layout_loops_ring, erik_lair_orcish_takeover, the_bakery
D:10:     layout_cave_pods, serial_shops, shop, uniq_josephine
D:11:     layout_gridville, enter_trove_6, trog_wizard, uniq_grum, uniq_erica
D:12:     layout_irregular_city, david_orc_4
D:13:     layout_loops_ring, grunt_vaults_entry_fortified, minivault_13
D:14:     layout_rooms, kennysheep_donut, st_stairs_3
D:15:     hangedman_depths_entry_civil_slaughter, layout_irregular_city,
          serial_column_ruins, column_ruins_square_medium,
          column_ruins_columns_dead_end, column_ruins_open_medium,
          column_ruins_grid_2, column_ruins_open_small, column_ruins_grid_2,
          column_ruins_columns_corner, minmay_misc_feat_more_columns
Lair:1:   layout_chaotic_city, ebering_ghost_xom, grunt_megastairs_5,
          lemuel_fruit_fields, lemuel_fruit_fields, serial_bayou_shore_a,
          minmay_lair_oklob_chamber, infiniplex_staircase_pool
Lair:2:   layout_loops_ring, minivault_29, infiniplex_staircase_pool_2,
          lemuel_fruit_fields, grunt_megastairs_2, lemuel_fruit_fields
Lair:3:   layout_chaotic_city, shoals_dummy_entry,
          gammafunk_ghost_wrathful_warriors, grunt_megastairs_4
Lair:4:   layout_regular_city, spider_nest_entry_webs,
          chequers_serial_rivers_micro_d, cheibrodos_lair_lostbears
Lair:5:   layout_cave_pods, forest_entry_grove
Lair:6:   evilmike_catoblepas_cave, layout_hall_layers,
          minmay_slime_entry_pillars, minivault_24
Shoals:1: layout_shoals, gammafunk_ghost_split
Shoals:2: layout_shoals, serial_shops, shop
Shoals:3: cheibrodos_shoals_satyrical_garden, layout_shoals,
          gammafunk_ghost_cemetery, serial_shops, shop, shop,
          nicolae_shop_trees, shop, uniq_polyphemus, uniq_donald
Shoals:4: shoals_end_simple, layout_shoals, serial_shops, shop, uniq_bai_suzhen
Spider:1: layout_spider_delve
Spider:2: layout_spider_delve, ebering_ghost_inner_flame, drop_trap,
          nicolae_arachne_temple, uniq_azrael
Spider:3: layout_spider_delve, drop_trap
Spider:4: spider_rune_water
Orc:1:    nicolae_orc_accident_3, layout_diamond_mine, basic_altar
Orc:2:    st_orc_open, layout_caves, basic_altar, nicolae_orc_damp_corner,
          uniq_rupert
Elf:1:    eino_elf_arrival_the_gate, layout_loops_cross, minmay_elf_sorcery,
          minmay_elf_demonology, uniq_louise, uniq_roxanne, uniq_jorgrun
Elf:2:    layout_loops_ring, uniq_nikola
Elf:3:    nooodl_elf_gasket, layout_gridlike, serial_shops, shop
Vaults:1: vaults_room_grunt_arrival_checkpoint, vaults_dpeg_ring,
          ontoclasm_vaults_spin, v_misc_30, vaults_mumra_minichess_inversion,
          nicolae_vaults_network_quinsquares
          [nicolae_vaults_network_quincunx_subvault,
          nicolae_vaults_network_quincunx_subvault,
          nicolae_vaults_network_quincunx_subvault,
          nicolae_vaults_network_quincunx_subvault], ontoclasm_vaults_eye,
          st_cross, nicolae_vaults_asterisk, vaults_room_fancy_cross, v_misc_16,
          nicolae_vaults_little_squares_6, ontoclasm_vaults_ring_large,
          vaults_dpeg_hooks, layout_vaults_big_cross, serial_shops, shop
Vaults:2: v_misc_10, ontoclasm_vaults_twist, v_pattern_3,
          hangedman_vaults_unwind, nicolae_vaults_theta, layout_vaults_omnigrid,
          serial_glass
Vaults:3: minmay_crypt_entry_nasty_monster, v_misc_25,
          ontoclasm_vaults_misaligned, v_misc_17, ontoclasm_vaults_chip,
          nicolae_vaults_alarming, nicolae_vaults_asterisk, special_room_vaults
          [special_room_orc], layout_vaults_chaotic_city
Vaults:4: gammafunk_vaults_ghost_spectres, nicolae_vaults_disjoint_gnomons,
          v_pattern_1, v_alt_pattern_2, nicolae_vaults_network_quincunx
          [nicolae_vaults_network_quincunx_subvault,
          nicolae_vaults_network_quincunx_subvault,
          nicolae_vaults_network_quincunx_subvault,
          nicolae_vaults_network_quincunx_subvault,
          nicolae_vaults_network_quincunx_subvault], vaults_mumra_minichess,
          hangedman_vaults_trim, nicolae_vaults_little_squares_2,
          ontoclasm_vaults_claustrophobia, vaults_room_pools,
          nicolae_vaults_circle_grid_b, v_misc_15, serial_ice_b,
          vaults_room_hangedman_quadrants, layout_vaults_maze_snakey, uniq_jory
Vaults:5: serial_shops
Crypt:1:  layout_rooms, gammafunk_ghost_necromancy
Crypt:2:  layout_chaotic_city, minivault_11
Crypt:3:  quadcrypt_mu, uniq_boris
Depths:1: minmay_guarded_unrand_majin_bo, layout_cross, hangedman_glass_teeth,
          abyss_entry, grunt_hell_entry_dis_old,
          ploomutoo_gammafunk_ghost_potion_laboratory, kennysheep_inner_square
Depths:2: minmay_connected_triangles_in_corner, layout_cave_shapes,
          rand_demon_pan_entry_3, hell_entry, infiniplex_staircase_pillars_3b
Depths:3: hangedman_pleasuredromes, hell_entry, pan_entry
Depths:4: minmay_shrinking_squares, layout_twisted_cross, enter_ziggurat_c,
          hell_entry, abyss_entry_small_statue_room, grunt_ministairs_15,
          nicolae_rare_books, lemuel_flame_loot_1, firewood_loft
Depths:5: grunt_zot_entry_bicorn, layout_cave_shapes, minmay_misc_feat_alley,
          hell_entry, drop_trap, uniq_margery, uniq_enchantress, uniq_sojobo
Zot:1:    layout_gridlike, uniq_tiamat
Zot:2:    nicolae_moth_party, layout_cathedral_of_symmetry
Zot:3:    layout_onion, grunt_megastairs_3
Zot:4:    layout_onion_interference
Zot:5:    layout_onion, ebering_ghost_inner_flame, drop_trap, grunt_ministairs_2

Skill      XL: |  1  2  3  4  5  6  7  8  9 10 11 12 13 14 15 16 17 18 19 20 21 22 23 24 25 26 27 |
---------------+----------------------------------------------------------------------------------+-----
Axes           | 4 5 7 8 9 11 13 15 16 17 18 | 18.0
Fighting       | 4 5 6 7 9 10 12 13 16 17 18 20 21 24 25 27 | 27.0
Armour         | 3 4 5 7 9 11 13 15 17 18 19 20 21 22 24 26 27 | 27.0
Throwing       | 1 2 4 5 6 8 9 10 12 16 20 23 26 27 | 27.0
Shields        | 2 4 6 10 13 15 | 15.0
Evocations     | 1 3 4 15 | 15.7
Dodging        | |  2.1

Action                   |  1- 3 |  4- 6 |  7- 9 | 10-12 | 13-15 | 16-18 | 19-21 | 22-24 | 25-27 || total
-------------------------+-------+-------+-------+-------+-------+-------+-------+-------+-------++-------
Melee: Hand axe          |    68 |    90 |   319 |   167 |       |       |       |       |       ||   644
       Headbutt          |     7 |    17 |    63 |   162 |   267 |   263 |   396 |   431 |   536 ||  2142
       War axe           |       |       |       |   564 |   641 |       |       |       |       ||  1205
       Flail             |       |       |       |     3 |    11 |       |       |       |       ||    14
       Broad axe         |       |       |       |       |   573 |  1319 |  1502 |  1199 |  1348 ||  5941
Throw: Dart              |       |     7 |     9 |    49 |    14 |     9 |       |       |       ||    88
       Boomerang         |       |       |       |    17 |   111 |    98 |     3 |    37 |    44 ||   310
       Javelin           |       |       |       |       |    10 |       |     6 |    87 |    97 ||   200
Invok: Berserk           |       |     1 |     2 |     5 |     7 |       |     1 |       |       ||    16
       Brothers in Arms  |       |       |       |     4 |     5 |     5 |     2 |     4 |     2 ||    22
       Trog's Hand       |       |       |       |       |     3 |     1 |       |     3 |     2 ||     9
Evoke: Wand              |       |       |       |       |     3 |     6 |       |     3 |     3 ||    15
  Use: Scroll            |       |     1 |     6 |     5 |    26 |     7 |    11 |     8 |    10 ||    74
       Potion            |       |       |       |     3 |     6 |     1 |       |       |     4 ||    14
 Stab: Distracted        |       |     1 |       |       |       |       |     1 |     4 |     1 ||     7
       Held in net/web   |       |       |       |       |       |     1 |       |       |       ||     1
       Confused          |       |       |       |       |       |       |       |       |     2 ||     2
       Invisible         |       |       |       |       |       |       |       |       |     1 ||     1
  Eat: Chunk             |     1 |     6 |     9 |    26 |    39 |    31 |    29 |    32 |    20 ||   193
       Ration            |       |     2 |     2 |     3 |    12 |     3 |     4 |     2 |     8 ||    36
Armor: Animal skin       |     8 |    11 |       |       |       |       |       |       |       ||    19
       Scale mail        |       |    11 |    35 |       |       |       |       |       |       ||    46
       Chain mail        |       |       |    88 |    59 |       |       |       |       |       ||   147
       Plate armour      |       |       |       |   304 |   716 |   208 |       |       |       ||  1228
       Crystal plate arm |       |       |       |       |       |   592 |   452 |   502 |   515 ||  2061
Dodge: Dodged            |    54 |    62 |   120 |   253 |   478 |   299 |   195 |   200 |   248 ||  1909
Block: Buckler           |       |       |       |       |   187 |       |       |       |       ||   187
       Kite shield       |       |       |       |       |   117 |  1095 |   928 |  1010 |  1065 ||  4215
       Reflection        |       |       |       |       |       |       |    39 |    66 |    29 ||   134
